 Dungeon Crawl Stone Soup version 0.27.1-34-g3ba077fa99 (webtiles) character file.

Game seed: 9952404630531751525

2343 mcbry74 the Spear-Bearer (level 9, 0/62 HPs)
             Began as a Merfolk Gladiator on Jan 22, 2022.
             Was an Initiate of the Shining One.
             Slain by a skeletal warrior (9 damage)
             ... on level 7 of the Dungeon.
             The game lasted 00:25:47 (7074 turns).

mcbry74 the Spear-Bearer (Merfolk Gladiator)        Turns: 7074, Time: 00:25:48

Health: 0/62       AC:  8    Str: 14    XL:     9   Next: 43%
Magic:  10/10      EV: 21    Int: 10    God:    the Shining One [......]
Gold:   589        SH:  0    Dex: 16    Spells: 6/8 levels left

rFire    . . .     SeeInvis .   a - +0 trident (spect)
rCold    . . .     Faith    .   (no shield)
rNeg     . . .     Spirit   .   b - +0 leather armour
rPois    .         Reflect  .   c - +1 helmet
rElec    .         Harm     .   (no cloak)
rCorr    .         Rampage  .   j - +2 pair of gloves
Will     .....                  (no boots)
Stlth    +.........             (no amulet)
HPRegen  0.20/turn              g - +4 ring of evasion
MPRegen  0.12/turn              s - +4 ring of evasion

@: about to teleport, glowing
A: (nimble swimmer 2), mertail
a: Renounce Religion


You were on level 7 of the Dungeon.
You worshipped the Shining One.
The Shining One was noncommittal.
You visited 1 branch of the dungeon, and saw 7 of its levels.
You also visited: Sewer.

You collected 589 gold pieces.

Inventory:

Hand Weapons
 a - a +0 spectral trident (weapon)
 A - a +0 hunting sling
 E - a +1 mace of holy wrath
 G - a +1 scythe of venom
Missiles
 d - 3 throwing nets
 e - 126 stones
 h - 78 sling bullets
 p - 40 poisoned darts (quivered)
Armour
 b - a +0 leather armour (worn)
 c - a +1 helmet (worn)
 j - a +2 pair of gloves (worn)
 o - a +0 helmet
 q - a +1 pair of gloves
Jewellery
 g - a +4 ring of evasion (left hand)
 n - a ring of positive energy
 r - a ring of fire
 s - a +4 ring of evasion (right hand)
 y - a +6 ring of strength
 H - a ring of see invisible
 I - a ring of wizardry
Wands
 B - a wand of iceblast (8)
Scrolls
 f - 2 scrolls of teleportation
 l - a scroll of vulnerability
 x - a scroll of enchant armour
Potions
 i - 2 potions of invisibility {unknown}
 k - 3 potions of curing {unknown}
 m - a potion of lignification {unknown}
 t - a potion of attraction {unknown}
 u - 3 potions of haste {unknown}
 v - 4 potions of heal wounds {unknown}
 w - 3 potions of might
 z - 2 potions of resistance {unknown}
 C - a potion of brilliance {unknown}
 D - a potion of ambrosia {unknown}
 F - 2 potions of cancellation {unknown}


   Skills:
 + Level 2.9 Fighting
 * Level 14.0 Polearms
 + Level 2.6 Throwing
 + Level 4.6 Dodging
 + Level 6.1 Summonings
 + Level 1.5 Invocations
 + Level 1.4 Evocations


You had 6 spell levels left.
You knew the following spells:

 Your Spells              Type           Power      Damage    Failure   Level
a - Call Imp              Summ           12%        N/A       6%          2

Your spell library contained the following spells:

 Spells                   Type           Power      Damage    Failure   Level
 Magic Dart               Conj           0%         1d3       43%         1
 Sandblast                Erth           0%         2d4       43%         1
 Passwall                 Tmut/Erth      0%         N/A       58%         2
 Static Discharge         Conj/Air       0%         N/A       58%         2
 Conjure Flame            Conj/Fire      0%         6-21      82%         3
 Ignite Poison            Fire/Tmut/Pois 0%         N/A       82%         3
 Mephitic Cloud           Conj/Pois/Air  0%         N/A       82%         3
 Swiftness                Air            0%         N/A       82%         3
 Tukima's Dance           Hex            0%         N/A       82%         3
 Dispel Undead            Necr           0%         3d6       99%         4
 Passage of Golubria      Tloc           N/A        N/A       99%         4
 Sticky Flame             Conj/Fire      0%         2d3       99%         4
 Lee's Rapid Deconstruct  Erth           0%         3d5*      100%        5
 Yara's Violent Unravell  Hex/Tmut       0%         3d3       100%        5
 Invisibility             Hex            0%         N/A       100%        6


Dungeon Overview and Level Annotations

Branches:
Dungeon (7/15)             Temple (0/1) D:6           Sewer (visited)

Altars:
Hepliaklqana
Vehumet
Zin
The Shining One

Shops:
D:2 (   D:4 **

Annotations:
D:3 3 runed translucent doors, Zappman123's ghost, weakling PaAK


Innate Abilities, Weirdness & Mutations

((You are quick and stealthy near water. (Stealth+, EV+, Speed+++)))
Your lower body shifts to a powerful aquatic tail in water.


Message History

The white imp gestures at you. The puff of frost hits you.
You reach to attack!
You puncture the white imp!
The white imp is severely wounded.
Your +0 spectral trident hits the white imp.
You kill the white imp!
The Shining One accepts your kill.
No target in view!
No target in view!
You hear the faint creaking of a portcullis nearby.
HP restored.
An orc comes into view. It is wielding a +0 mace.
The orc shouts!
You hit the orc.
The orc is lightly wounded.
Your +0 spectral trident hits the orc!
You kill the orc!
You swap places.
Things that are here:
a +0 mace; a +0 leather armour; an orc corpse A skeletal warrior comes into view.
It is wielding a +0 halberd.
A skeletal warrior comes into view. It is wielding a +0 trident.
A bullfrog comes into view.
Press: ? - help, v - describe, . - travel
Here: a skeletal warrior, wielding a +0 halberd The floor.
You hear the faint creaking of a distant portcullis.
Found a stone staircase leading down.
A skeletal warrior comes into view. It is wielding a +0 glaive.
As you read the scroll of teleportation, it crumbles to dust.
You feel strangely unstable.
The skeletal warrior hits you from afar with a +0 glaive!!
The skeletal warrior hits you from afar with a +0 halberd!
The skeletal warrior hits you but does no damage.
You hit the skeletal warrior but do no damage.
Your +0 spectral trident hits the skeletal warrior from afar!
The skeletal warrior hits you with a +0 glaive!
* * * LOW HITPOINT WARNING * * *
The skeletal warrior hits you from afar with a +0 halberd!
You die...

#..# #z# #..#
#.# #..# #.#
#..# #z# #..#
#F# ######..#
#.# ......zz#
#######.####.#
#(@z...#
########


You could see 3 skeletal warriors and a friendly +0 spectral trident (summoned).

Vanquished Creatures
  Sigmund (D:5)
  A steam dragon (D:6)
  3 water moccasins
  2 sky beasts
  2 ice beasts (D:6)
  2 centaurs
  A necrophage (D:6)
  3 ogres
  A scorpion (D:5)
  A water moccasin zombie (D:4)
  2 water moccasin skeletons
  A bullfrog skeleton (D:5)
  3 hounds
  3 orc priests (D:5)
  2 iguanas (D:4)
  Natasha (thrice) (D:3)
  A scorpion zombie (D:5)
  3 hound skeletons
  A gnoll (D:4)
  9 adders
  6 river rats (Sewer)
  A white imp (D:7)
  2 ufetubi
  An adder skeleton (D:4)
  4 worms
  3 dart slugs
  11 orcs
  10 bats
  13 endoplasms
  4 giant cockroaches
  13 goblins
  7 hobgoblins
  8 kobolds
  4 quokkas
  14 ball pythons
  10 frilled lizards
  13 rats
169 creatures vanquished.

Notes
Turn   | Place    | Note
-------+----------+-------------------------------------------
     0 | D:1      | mcbry74 the Merfolk Gladiator began the quest for the Orb.
     0 | D:1      | Reached XP level 1. HP: 16/16 MP: 1/1
   110 | D:1      | Reached skill level 5 in Polearms
   125 | D:1      | Reached XP level 2. HP: 22/22 MP: 2/2
   722 | D:1      | Reached skill level 6 in Polearms
   722 | D:1      | Reached XP level 3. HP: 27/27 MP: 3/3
  1391 | D:2      | Found Kehagretoutz's Antique Weapon Shoppe.
  1395 | D:2      | Reached XP level 4. HP: 33/33 MP: 4/4
  1398 | D:2      | Reached skill level 7 in Polearms
  1786 | D:2      | Found a faded altar of an unknown god.
  2075 | D:3      | Found a runed translucent gate.
  2132 | D:3      | Noticed Natasha
  2145 | D:3      | Killed Natasha
  2149 | D:3      | Learned a level 2 spell: Call Imp
  2255 | D:3      | Reached XP level 5. HP: 38/38 MP: 5/5
  2389 | D:3      | Noticed Natasha
  2411 | D:3      | Killed Natasha
  2412 | D:3      | Reached skill level 8 in Polearms
  2412 | D:3      | Reached skill level 1 in Summonings
  2497 | D:3      | Noticed Natasha
  2515 | D:3      | Killed Natasha
  2671 | D:3      | Found a runed translucent gate.
  2671 | D:3      | Found a runed translucent gate.
  2674 | D:3      | Noticed Zappman123's ghost (weakling PaAK)
  3110 | D:4      | Reached skill level 9 in Polearms
  3110 | D:4      | Reached XP level 6. HP: 37/44 MP: 6/6
  3345 | D:4      | Noticed a water moccasin
  3359 | D:4      | Found a glowing drain.
  3368 | Sewer    | Entered a sewer
  3524 | Sewer    | Reached XP level 7. HP: 43/50 MP: 7/7
  3539 | Sewer    | Reached skill level 10 in Polearms
  3954 | D:4      | Found Roph's Assorted Antiques.
  4087 | D:4      | Found Zin's Purification Station.
  4094 | D:4      | Found a glowing silver altar of Zin.
  4132 | D:5      | Entered Level 5 of the Dungeon
  4258 | D:5      | Reached skill level 11 in Polearms
  4421 | D:5      | Reached XP level 8. HP: 56/56 MP: 8/8
  4638 | D:5      | Reached skill level 12 in Polearms
  5234 | D:5      | Noticed Sigmund
  5247 | D:5      | Killed Sigmund
  5248 | D:5      | Reached skill level 5 in Summonings
  5604 | D:5      | Found a glowing golden altar of the Shining One.
  5716 | D:5      | Became a worshipper of the Shining One
  5848 | D:6      | Found a radiant altar of Vehumet.
  5849 | D:6      | Found a hazy altar of Hepliaklqana.
  5915 | D:6      | Reached skill level 13 in Polearms
  6033 | D:6      | Reached XP level 9. HP: 36/61 MP: 9/9
  6412 | D:6      | Reached skill level 1 in Invocations
  6412 | D:6      | Reached skill level 1 in Evocations
  6575 | D:6      | Found a staircase to the Ecumenical Temple.
  6963 | D:7      | Reached skill level 14 in Polearms
  7046 | D:7      | Noticed a skeletal warrior
  7047 | D:7      | Noticed a skeletal warrior
  7070 | D:7      | Noticed a skeletal warrior
  7074 | D:7      | Slain by a skeletal warrior

Illustrated notes

Levels and vault maps discovered:
D:1:      lightli_arrival_statuegarden, layout_loops_corners
D:2:      layout_rooms, serial_shops, shop_statue,
          shapermc_ecumenical_altar_venn
D:3:      layout_loops_ring, ebering_ghost_rock_garden, minmay_bisected,
          uniq_natasha
D:4:      minmay_polygon_palace, layout_rooms, zin_purify, portal_sewer_entry_d,
          kennysheep_windowed_goal
D:5:      layout_basic, tso_metal_star, uniq_sigmund
D:6:      layout_loops_corners, mainiacjoe_overflow_divided_tiny,
          minmay_temple_entry_nine_rooms
D:7:      layout_basic, mainiacjoe_overflow_brackets, enter_bailey_3

Skill      XL: |  1  2  3  4  5  6  7  8  9 |
---------------+----------------------------+-----
Polearms       | 5 6 7 9 11 13 14 | 14.0
Summonings     | 2 4 5 6 |  6.1
Invocations    | 1 |  1.5
Evocations     | 1 |  1.4
Fighting       | |  2.9
Throwing       | |  2.6
Dodging        | |  4.6

Action                   |  1- 3 |  4- 6 |  7- 9 || total
-------------------------+-------+-------+-------++-------
Melee: Trident           |    82 |   292 |   210 ||   584
       Tailslap          |       |       |     3 ||     3
       Scythe            |       |       |    56 ||    56
Throw: Stone             |    47 |       |       ||    47
       Throwing net      |     2 |     1 |     2 ||     5
       Dart              |       |    10 |    30 ||    40
  Use: Scroll            |       |     3 |     3 ||     6
 Stab: Distracted        |     1 |       |       ||     1
       Sleeping          |       |     2 |     1 ||     3
       Held in net/web   |       |       |     2 ||     2
Armor: Leather armour    |    31 |    37 |    37 ||   105
Dodge: Dodged            |    37 |   162 |   173 ||   372
